 Dungeon Crawl Stone Soup version 0.26-a0-540-g8a0c9464d7 (webtiles) character file.

Game seed: 3163989343972794066

113 Lanoc the Skirmisher (level 4, -14/41 HPs)
             Began as a Minotaur Delver on Aug 16, 2020.
             Demolished by an ogre
             ... wielding a +0 giant spiked club
              (20 damage)
             ... on level 4 of the Dungeon.
             The game lasted 00:01:02 (580 turns).

Lanoc the Skirmisher (Minotaur Delver)               Turns: 580, Time: 00:01:02

Health: -14/41     AC:  3    Str: 16    XL:     4   Next: 65%
Magic:  3/3        EV: 13    Int:  7    God:
Gold:   38         SH:  0    Dex: 13    Spells: 3/3 levels left

rFire    . . .     SeeInvis .   a - +0 hand axe
rCold    . . .     Faith    .   (no shield)
rNeg     . . .     Spirit   .   b - +0 leather armour
rPois    .         Reflect  .   (helmet restricted)
rElec    .         Harm     .   (no cloak)
rCorr    .                      (no gloves)
MR       .....                  (no boots)
Stlth    ++........             (no amulet)
HPRegen  0.13/turn              (no ring)
MPRegen  0.08/turn              (no ring)

@: no status effects
A: retaliatory headbutt, horns 2
a: no special abilities


You were on level 4 of the Dungeon.
You visited 1 branch of the dungeon, and saw 3 of its levels.

You collected 38 gold pieces.

Inventory:

Hand Weapons
 a - a +0 hand axe (weapon)
Armour
 b - a +0 leather armour (worn)
Wands
 g - a wand of digging (3)
Scrolls
 c - a scroll of fog
 d - a scroll of magic mapping
 e - a scroll of fear
 f - 2 scrolls of teleportation {unknown}
 h - a scroll of enchant weapon {unknown}


   Skills:
 + Level 4.5 Fighting
 * Level 4.5 Axes
 + Level 3.2 Dodging
 - Level 4.1 Stealth


You had 3 spell levels left.
You didn't know any spells.
Your spell library was empty.

Dungeon Overview and Level Annotations

Branches:
Dungeon (5/15)
 Temple: D:4-7

Altars:
Hepliaklqana
Sif Muna

Annotations:
D:3 Sigmund


Innate Abilities, Weirdness & Mutations

You reflexively headbutt those who attack you in melee.
You have a pair of horns on your head.


Message History

A jackal comes into view.
The ogre hits you but does no damage.
You slash the ogre!
The ogre is moderately wounded.
You hit the jackal. The jackal misses you.
The jackal bites you but does no damage.
You hit the ogre.
The ogre is moderately wounded.
You hit the jackal. You barely miss the jackal. The jackal bites you.
* * * LOW HITPOINT WARNING * * *
The jackal misses you. You furiously retaliate!
You headbutt the jackal.
You kill the jackal!
The ogre barely misses you. The jackal closely misses you.
You furiously retaliate!
You headbutt the jackal!
You kill the jackal!
You barely miss the ogre.
You headbutt the ogre, but do no damage.
The ogre is moderately wounded.
The ogre hits you with a +0 giant spiked club!!
You die...

##.# #..##
#...#
#.#.####
...#....#
##.#####.##
#. #†.# #.
##.#### #.
#.@...#
#..Oh......
#...........
#......h....
#...........
...........>
##...........
#<..........


You could see an ogre and 2 jackals.

Vanquished Creatures
  A scorpion (D:4)
  2 worker ants (D:4)
  An ooze (D:4)
  2 leopard geckos (D:4)
  A hobgoblin (D:3)
  2 jackals (D:4)
  A frilled lizard (D:3)
  A kobold (D:4)
  A rat (D:3)
12 creatures vanquished.

Notes
Turn   | Place    | Note
-------+----------+-------------------------------------------
     0 | D:5      | Lanoc the Minotaur Delver began the quest for the Orb.
     0 | D:5      | Reached XP level 1. HP: 19/19 MP: 0/0
    13 | D:5      | Noticed an orc wizard
    28 | D:4      | Noticed a worker ant
    31 | D:4      | Killed a worker ant
    31 | D:4      | Reached XP level 2. HP: 27/27 MP: 1/1
    34 | D:4      | Reached XP level 3. HP: 33/33 MP: 2/2
    37 | D:4      | Noticed a scorpion
    62 | D:4      | Found a shimmering blue altar of Sif Muna.
   391 | D:3      | Noticed Sigmund
   518 | D:4      | Found a hazy altar of Hepliaklqana.
   563 | D:4      | Killed a scorpion
   563 | D:4      | Reached XP level 4. HP: 37/41 MP: 3/3
   572 | D:4      | Noticed an ogre
   580 | D:4      | Demolished by an ogre

Illustrated notes

Levels and vault maps discovered:
D:3:      layout_basic, uniq_sigmund
D:4:      layout_rooms, kennysheep_mini_moat, lemuel_round_altar,
          kennysheep_small_circle
D:5:      layout_loops_ring, fedhas_altar_4, temple_statues,
          serial_bayou_pond_b, nicolae_tso_besieged_by_evil, uniq_edmund,
          uniq_eustachio

Skill      XL: |  1  2  3 |
---------------+----------+-----
Fighting       | 4 |  4.5
Axes           | 3 4 |  4.5
Dodging        | 3 |  3.2
Stealth        | |  4.1

Action                   |  1- 3 |  4- 6 || total
-------------------------+-------+-------++-------
Melee: Hand axe          |    23 |     5 ||    28
       Headbutt          |     6 |     2 ||     8
  Use: Potion            |     1 |       ||     1
 Stab: Sleeping          |     1 |       ||     1
Armor: Leather armour    |     2 |     2 ||     4
Dodge: Dodged            |    20 |     4 ||    24

Table legend: (Time is in decaauts)
 A = Elapsed time spent in this place.
 B = Non-inter-level travel time spent in this place.
 C = Inter-level travel time spent in this place.
 D = Time resting spent in this place.
 E = Time spent auto-exploring this place.
 F = Levels seen in this place.
 G = Mean time per level.
                   A        B        C        D        E       F      G
               +--------+--------+--------+--------+--------+-----+--------+
         Total |    564 |    564 |      0 |    168 |    286 |   3 |  188.0 |
       Dungeon |    564 |    564 |      0 |    168 |    286 |   3 |  188.0 |
               +--------+--------+--------+--------+--------+-----+--------+

Top non-repeatable levels by time:
     D:3: 333 daAuts
     D:4: 210 daAuts
     D:5: 21 daAuts
